 Dungeon Crawl Stone Soup version 0.30.0-20-g3615ddf2f0 (webtiles) character file.

Game seed: 4299580951580777920

5415 qw the Cleaver (level 10, 0/64 HPs)
             Began as a Gargoyle Fighter on May 29, 2023.
             Was a Believer of Okawaru.
             Slain by an efreet
             ... wielding a +1 scimitar of flaming
              (6 damage)
             ... on level 9 of the Dungeon.
             The game lasted 00:04:51 (8698 turns).

qw the Cleaver (Gargoyle Fighter)                   Turns: 8698, Time: 00:04:52

Health: 0/64       AC: 33    Str: 25    XL:     10   Next: 67%
Magic:  12/13      EV: 11    Int:  8    God:    Okawaru [**....]
Gold:   52         SH:  7    Dex: 16    Spells: 9/9 levels left

rFire   . . .        Y - +1 broad axe
rCold   . . .        c - +0 buckler
rNeg    + + .        h - +0 plate armour
rPois   inf          n - +2 helmet
rElec   +            s - +0 cloak of Cheibriados's Hope {Contam rN+ Dex+7}
rCorr   .            v - +0 pair of gloves
SInv    .            (no boots)
Will    .....        (no amulet) Stlth
                     b - +4 ring of protection
HPRegen 0.30/turn    (no ring)
MPRegen 0.13/turn

%: no passive effects
@: heroic
A: sickness immunity, AC +7, negative energy resistance 1, electricity
resistance, torment resistance 1, petrification resistance
a: Renounce Religion, Heroism


You were on level 9 of the Dungeon.
You worshipped Okawaru.
Okawaru was pleased with you.
You visited 2 branches of the dungeon, and saw 10 of its levels.
You also visited: Sewer.

You collected 515 gold pieces.
You spent 463 gold pieces at shops.


Innate Abilities, Weirdness & Mutations

You are immune to sickness and miasma.
Your stone body is resilient. (AC +7)
You are immune to poison.
You resist negative energy. (rN+)
You are resistant to electric shocks. (rElec)
You are resistant to unholy torment.
You are immune to petrification.


   Skills:
 - Level 8.0(13.0) Fighting
 + Level 10.2(15.2) Axes
 - Level 1.2(6.2) Throwing
 - Level 7.0(12.0) Armour
 - Level 2.8(7.8) Dodging
 - Level 5.1(10.1) Shields
 - Level 4.4 Invocations


You had 9 spell levels left.
You didn't know any spells.
Your spell library was empty.

Inventory:

Hand Weapons
 q - a +0 morningstar
 Y - a +1 broad axe (weapon)
Armour
 c - a +0 buckler (worn)
 h - a +0 plate armour (worn)
 n - a +2 helmet (worn)
 s - the +0 cloak of Cheibriados's Hope (worn) {Contam rN+ Dex+7}
   (You acquired it on level 7 of the Dungeon)

   Dex:       It affects your dexterity (+7).
   rN:        It protects you from negative energy.
   Contam:    It causes magical contamination when unequipped.
 v - a +0 pair of gloves (worn)
Jewellery
 b - a +4 ring of protection (left hand)
 k - a ring of ice
 p - a ring of ice
Wands
 g - a wand of digging (7)
Scrolls
 a - a scroll of identify
 e - a scroll of noise {unknown}
 r - 2 scrolls of teleportation
Potions
 d - 2 potions of might
 f - 4 potions of lignification
 i - a potion of haste
 j - 2 potions of attraction
 l - a potion of curing
 m - a potion of heal wounds
 o - a potion of cancellation

Dungeon Overview and Level Annotations

Branches:
Dungeon (9/15)             Temple (1/1) D:7           Sewer (visited)
   Lair: D:8-11         Orc: D:9-12

Altars:
Ashenzari
Cheibriados
Dithmenos
Elyvilon
Fedhas
Gozag
Hepliaklqana
Kikubaaqudgha
Makhleb
Nemelex Xobeh
Okawaru
Qazlal
Ru
Sif Muna
Trog
Uskayaw
Vehumet
Wu Jian
Yredelemnul
Zin
The Shining One

Shops:
D:4 *   D:8 !

Annotations:
D:3 1 runed translucent door, qw's ghost, amateur GrFi
D:8 1 runed translucent door, qw's ghost, novice GrFi


Message History

You block the yak's attack. The orc warrior barely misses you.
You hit the yak but do no damage.
The yak is severely wounded.
You hit the orc warrior but do no damage.
The yak misses you.
The orc warrior hits you but does no damage.
You slice the yak!!
You kill the yak!
Okawaru accepts your kill.
You barely miss the orc warrior. The orc warrior completely misses you.
You slash the orc warrior!
The orc warrior is severely wounded.
You barely miss the efreet. The efreet hits you but does no damage.
The yak is engulfed in blazing flames.
The orc warrior barely misses you.
You hit the orc warrior.
The orc warrior is severely wounded.
You slash the efreet! The efreet hits you but does no damage.
The yak is engulfed in blazing flames.
The orc warrior closely misses you.
You slash the orc warrior!
You kill the orc warrior!
Okawaru accepts your kill.
You hit the efreet. The efreet misses you.
You hit the efreet.
The efreet is heavily wounded.
You closely miss the yak. The efreet barely misses you.
You block the yak's attack.
You barely miss the efreet.
The efreet is heavily wounded.
You hit the yak. You hit the yak.
The yak is severely wounded.
You hit the efreet but do no damage. The yak gores you.
The efreet hits you with a +1 scimitar of flaming!
The efreet burns you.
You die...

### ##.## ##.#.##
########.###.###
........## ##..#
########.###.#.###
......###.#.##...#
...........#####.#
#.........).# #@#
#.#....##.###YYR..#
#......#
##yo.T#....#
##.#...##


#.ooYT [....# ...##.## #..o## ##...# ...##.# #.... ....# .####.# #... ...# .##
#.# #[.. ..!# ..###.. You could see 3 yaks, 2 trolls, an efreet, a killer bee
and 4 orcs.

Vanquished Creatures
  Pikel (D:9)
  Joseph (D:9)
  Grinder (D:3)
  Prince Ribbit (D:7)
  2 yaks (D:9)
  2 wyverns
  2 steam dragons
  Menkaure (D:5)
  A water moccasin (D:6)
  2 orc warriors
  2 sky beasts
  4 black bears
  4 lemures (D:9)
  2 phantoms
  A kobold brigand (Sewer)
  4 bullfrogs
  A gnoll sergeant (D:6)
  11 wights
  10 killer bees (D:9)
  A jelly (D:5)
  3 hounds
  2 sleepcaps
  Jessica (D:3)
  3 iguanas
  Natasha (D:2)
  5 orc wizards
  8 gnolls
  8 river rats (Sewer)
  9 adders
  3 white imps
  3 ufetubi
  5 dart slugs
  21 orcs
  18 ball pythons
  10 endoplasms
  5 giant cockroaches
  3 goblins
  9 hobgoblins
  14 jackals
  21 kobolds
  7 quokkas
  8 bats
  6 frilled lizards
  23 rats
250 creatures vanquished.

Notes
Turn   | Place    | Note
-------+----------+-------------------------------------------
     0 | D:1      | qw the Gargoyle Fighter began the quest for the Orb.
     0 | D:1      | Reached XP level 1. HP: 14/14 MP: 1/1
     0 | D:1      | 0 ||| qw: Version: 0.2-a-101-gf424e7f
     0 | D:1      | 0 ||| qw: Game counter: 338
     0 | D:1      | 0 ||| qw: Always use a shield: true
     0 | D:1      | 0 ||| qw: God list: Okawaru
     0 | D:1      | 0 ||| qw: Allow faded altars: false
     0 | D:1      | 0 ||| qw: Do Orc after D:15 true
     0 | D:1      | 0 ||| qw: Do second Lair branch before Depths: true
     0 | D:1      | 0 ||| qw: Lair rune preference: random
     0 | D:1      | 0 ||| qw: Plans: Normal, Zot:1-4, Slime:5, God:TSO, Crypt,
                  | Tomb, Pan, Hells, Abyss, Win
     0 | D:1      | 0 ||| PLANNING D:1-11
    26 | D:1      | Reached skill level 2 in Axes
    59 | D:1      | 59 ||| Stepping ~*~*~tactically~*~*~ (stealth).
    69 | D:1      | Reached XP level 2. HP: 13/19 MP: 2/2
    69 | D:1      | 69 ||| FLEEEEING.
    70 | D:1      | 70 ||| FLEEEEING.
    71 | D:1      | 71 ||| FLEEEEING.
    72 | D:1      | 72 ||| FLEEEEING.
    73 | D:1      | 73 ||| FLEEEEING.
    74 | D:1      | 74 ||| FLEEEEING.
    75 | D:1      | 75 ||| FLEEEEING.
    76 | D:1      | 76 ||| FLEEEEING.
    77 | D:1      | 77 ||| FLEEEEING.
    78 | D:1      | 78 ||| FLEEEEING.
    79 | D:1      | 79 ||| FLEEEEING.
    80 | D:1      | 80 ||| FLEEEEING.
    81 | D:1      | 81 ||| FLEEEEING.
    82 | D:1      | 82 ||| FLEEEEING.
    83 | D:1      | 83 ||| FLEEEEING.
    84 | D:1      | 84 ||| FLEEEEING.
    85 | D:1      | 85 ||| FLEEEEING.
    86 | D:1      | 86 ||| FLEEEEING.
    87 | D:1      | 87 ||| FLEEEEING.
    88 | D:1      | 88 ||| FLEEEEING.
   140 | D:1      | Reached skill level 3 in Axes
   145 | D:1      | Reached XP level 3. HP: 15/23 MP: 3/3
   345 | D:1      | 345 ||| Stepping ~*~*~tactically~*~*~ (stealth).
   347 | D:1      | 347 ||| Stepping ~*~*~tactically~*~*~ (stealth).
   428 | D:1      | 428 ||| Stepping ~*~*~tactically~*~*~ (hiding).
   628 | D:1      | 628 ||| UPGRADING to +0 chain mail.
   638 | D:1      | 638 ||| DROPPING +0 scale mail.
   639 | D:1      | 639 ||| READING 5 scrolls labelled BUPSOE SYOTEOT.
   640 | D:1      | 640 ||| READING scroll labelled SUCHOA NUQOCK.
   644 | D:1      | 644 ||| DRINKING 2 viscous silvery potions.
   645 | D:1      | 645 ||| READING 4 scrolls of identify.
   645 | D:1      | 645 ||| IDENTIFYING coppery potion
   646 | D:1      | 646 ||| READING 3 scrolls of identify.
   646 | D:1      | 646 ||| IDENTIFYING viscous yellow potion
   647 | D:1      | 647 ||| DROPPING potion of invisibility.
   760 | D:2      | 760 ||| Stepping ~*~*~tactically~*~*~ (stealth).
   765 | D:2      | Reached XP level 4. HP: 28/28 MP: 4/4
   861 | D:2      | 861 ||| DROPPING +0 whip.
   888 | D:2      | Reached skill level 4 in Axes
   986 | D:2      | 986 ||| Stepping ~*~*~tactically~*~*~ (stealth).
   993 | D:2      | 993 ||| Stepping ~*~*~tactically~*~*~ (stealth).
  1004 | D:2      | 1004 ||| Stepping ~*~*~tactically~*~*~ (stealth).
  1322 | D:2      | 1322 ||| Stepping ~*~*~tactically~*~*~ (hiding).
  1323 | D:2      | 1323 ||| Stepping ~*~*~tactically~*~*~ (hiding).
  1436 | D:2      | Noticed Natasha
  1444 | D:2      | Killed Natasha
  1507 | D:2      | 1507 ||| UPGRADING to +2 helmet.
  1512 | D:2      | 1512 ||| UPGRADING to +4 ring of protection.
  1513 | D:2      | 1513 ||| READING scroll labelled HIBOM WISAST.
  1514 | D:2      | 1514 ||| READING scroll labelled TYMIAPTYOZ.
  1515 | D:2      | 1515 ||| READING scroll labelled DYANEI HUNE.
  1516 | D:2      | 1516 ||| READING 3 scrolls of identify.
  1516 | D:2      | 1516 ||| IDENTIFYING viscous coppery potion
  1517 | D:2      | 1517 ||| DROPPING potion of berserk rage.
  1525 | D:3      | 1525 ||| PLANNING SEWER
  1526 | D:3      | 1526 ||| STAIRDANCE
  1572 | D:3      | Found a glowing drain.
  1573 | D:3      | 1573 ||| READING 2 scrolls of identify.
  1573 | D:3      | 1573 ||| IDENTIFYING lumpy golden potion
  1592 | D:3      | Reached XP level 5. HP: 32/32 MP: 5/5
  1601 | Sewer    | Entered a sewer
  1671 | Sewer    | Noticed a kobold brigand
  1690 | Sewer    | Killed a kobold brigand
  1691 | Sewer    | Reached skill level 5 in Axes
  1800 | Sewer    | 1800 ||| Stepping ~*~*~tactically~*~*~ (water).
  1804 | Sewer    | Reached XP level 6. HP: 27/38 MP: 6/6
  2252 | Sewer    | 2252 ||| READING scroll labelled KYANTO YNESUK.
  2253 | Sewer    | 2253 ||| READING scroll labelled SYZE VASTOUNK.
  2254 | Sewer    | 2254 ||| DRINKING 4 fuming inky potions.
  2255 | Sewer    | 2255 ||| DRINKING 5 fizzy brown potions.
  2256 | Sewer    | 2256 ||| DROPPING 3 potions of brilliance.
  2257 | Sewer    | 2257 ||| DROPPING 4 potions of magic.
  2283 | D:3      | 2283 ||| PLANNING D:1-11
  2350 | D:3      | Found a hazy altar of Hepliaklqana.
  2358 | D:3      | 2358 ||| Stepping ~*~*~tactically~*~*~ (hiding).
  2359 | D:3      | 2359 ||| Stepping ~*~*~tactically~*~*~ (hiding).
  2421 | D:3      | Found a runed translucent door.
  2424 | D:3      | Noticed qw's ghost (amateur GrFi)
  2458 | D:3      | Noticed Jessica
  2459 | D:3      | 2459 ||| Stepping ~*~*~tactically~*~*~ (hiding).
  2460 | D:3      | 2460 ||| Stepping ~*~*~tactically~*~*~ (hiding).
  2467 | D:3      | Killed Jessica
  2468 | D:3      | Reached skill level 6 in Axes
  2715 | D:3      | Noticed Grinder
  2716 | D:3      | 2716 ||| Stepping ~*~*~tactically~*~*~ (hiding).
  2727 | D:3      | 2727 ||| FLEEEEING.
  2728 | D:3      | 2728 ||| FLEEEEING.
  2732 | D:3      | 2732 ||| FLEEEEING.
  2733 | D:3      | 2733 ||| FLEEEEING.
  2734 | D:3      | 2734 ||| FLEEEEING.
  2735 | D:3      | 2735 ||| FLEEEEING.
  2737 | D:3      | 2737 ||| FLEEEEING.
  2738 | D:3      | 2738 ||| FLEEEEING.
  2739 | D:3      | 2739 ||| FLEEEEING.
  2739 | D:3      | Paralysed by Grinder for 4 turns
  2747 | D:3      | Paralysed by Grinder for 4 turns
  2762 | D:3      | HP: 9/38 [Grinder (7)]
  2767 | D:3      | Killed Grinder
  2768 | D:3      | Reached XP level 7. HP: 10/43 MP: 7/7
  3204 | D:4      | 3204 ||| Stepping ~*~*~tactically~*~*~ (stealth).
  3316 | D:4      | 3316 ||| Stepping ~*~*~tactically~*~*~ (stealth).
  3317 | D:4      | 3317 ||| Stepping ~*~*~tactically~*~*~ (stealth).
  3332 | D:4      | 3332 ||| FLEEEEING.
  3380 | D:4      | Found a stormy altar of Qazlal.
  3516 | D:4      | Found a blossoming altar of Fedhas.
  3642 | D:4      | 3642 ||| READING 3 scrolls of identify.
  3642 | D:4      | 3642 ||| IDENTIFYING yellow potion
  3702 | D:4      | Found Jarphaze's General Store.
  3708 | D:4      | 3708 ||| BUYING +2 ring mail of fire resistance (231 gold).
  3708 | D:4      | Bought a +2 ring mail of fire resistance for 231 gold
                  | pieces
  3708 | D:4      | 3708 ||| BUYING potion of cancellation (88 gold).
  3708 | D:4      | Bought a potion of cancellation for 88 gold pieces
  3783 | D:4      | 3783 ||| Stepping ~*~*~tactically~*~*~ (hiding).
  3784 | D:4      | 3784 ||| Stepping ~*~*~tactically~*~*~ (hiding).
  3785 | D:4      | 3785 ||| Stepping ~*~*~tactically~*~*~ (hiding).
  3811 | D:4      | HP: 3/43 [gnoll/+0 halberd (8)]
  4135 | D:5      | Entered Level 5 of the Dungeon
  4152 | D:5      | 4152 ||| Stepping ~*~*~tactically~*~*~ (hiding).
  4154 | D:5      | 4154 ||| Stepping ~*~*~tactically~*~*~ (hiding).
  4155 | D:5      | 4155 ||| Stepping ~*~*~tactically~*~*~ (stealth).
  4235 | D:5      | 4235 ||| DROPPING +0 flail.
  4289 | D:5      | Reached skill level 7 in Axes
  4289 | D:5      | Reached XP level 8. HP: 42/48 MP: 8/8
  4472 | D:5      | Found a white marble altar of Elyvilon.
  4491 | D:5      | Noticed Menkaure
  4503 | D:5      | HP: 10/49 [Menkaure (6)]
  4504 | D:5      | Killed Menkaure
  4818 | D:5      | Found a hide-covered altar of Uskayaw.
  5167 | D:5      | 5167 ||| UPGRADING to +0 plate armour.
  5177 | D:5      | 5177 ||| DROPPING +0 chain mail.
  5178 | D:5      | 5178 ||| DROPPING +2 ring mail of fire resistance.
  5179 | D:5      | 5179 ||| READING 2 scrolls of identify.
  5179 | D:5      | 5179 ||| IDENTIFYING pink potion
  5180 | D:5      | 5180 ||| DROPPING potion of flight.
  5328 | D:6      | 5328 ||| DROPPING +4 flail.
  5369 | D:6      | Reached skill level 1 in Throwing
  5430 | D:6      | Reached skill level 8 in Axes
  5540 | D:6      | 5540 ||| DROPPING +0 flail of protection.
  5556 | D:6      | Reached skill level 6 in Fighting
  5796 | D:6      | Reached XP level 9. HP: 30/55 MP: 9/9
  6096 | D:6      | 6096 ||| READING scroll labelled DEDOUTZ JILUU.
  6144 | D:7      | Noticed Prince Ribbit
  6149 | D:7      | Killed Prince Ribbit
  6185 | D:7      | 6185 ||| Stepping ~*~*~tactically~*~*~ (hiding).
  6246 | D:7      | 6246 ||| Stepping ~*~*~tactically~*~*~ (hiding).
  6257 | D:7      | Reached skill level 9 in Axes
  6257 | D:7      | 6257 ||| FLEEEEING.
  6258 | D:7      | 6258 ||| FLEEEEING.
  6259 | D:7      | 6259 ||| FLEEEEING.
  6412 | D:7      | 6412 ||| Stepping ~*~*~tactically~*~*~ (stealth).
  6415 | D:7      | 6415 ||| Stepping ~*~*~tactically~*~*~ (stealth).
  6417 | D:7      | 6417 ||| Stepping ~*~*~tactically~*~*~ (stealth).
  6419 | D:7      | 6419 ||| Stepping ~*~*~tactically~*~*~ (stealth).
  6641 | D:7      | Found a staircase to the Ecumenical Temple.
  6642 | D:7      | 6642 ||| PLANNING TEMPLE
  6642 | D:7      | 6642 ||| READING 2 scrolls of identify.
  6642 | D:7      | 6642 ||| IDENTIFYING murky blue potion
  6651 | Temple   | Entered the Ecumenical Temple
  6709 | Temple   | 6709 ||| PLANNING OKAWARU WORSHIP
  6720 | Temple   | Became a worshipper of Warmaster Okawaru
  6720 | Temple   | 6720 ||| PLANNING D:1-11
  6943 | D:7      | 6943 ||| SWAPPING to +0 broad axe.
  6944 | D:7      | 6944 ||| DROPPING +0 war axe.
  7059 | D:7      | 7059 ||| Stepping ~*~*~tactically~*~*~ (hiding).
  7066 | D:7      | 7066 ||| DRINKING 3 potions of curing.
  7066 | D:7      | 7066 ||| (to cure confusion)
  7085 | D:7      | 7085 ||| DRINKING 2 potions of curing.
  7085 | D:7      | 7085 ||| (to cure confusion)
  7089 | D:7      | Reached skill level 6 in Armour
  7099 | D:7      | Reached * piety under Okawaru
  7108 | D:7      | Found a shimmering blue altar of Sif Muna.
  7151 | D:7      | 7151 ||| Stepping ~*~*~tactically~*~*~ (hiding).
  7352 | D:7      | 7352 ||| UPGRADING to +0 pair of gloves.
  7357 | D:7      | 7357 ||| READING scroll labelled DEYMAWN VOEGO.
  7358 | D:7      | 7358 ||| READING scroll labelled UQOFREANKUNN.
  7358 | D:7      | Identified a scroll of acquirement
  7358 | D:7      | 7358 ||| ACQUIRING +0 cloak of Cheibriados's Hope {Contam
                  | rN+ Dex+7}
  7358 | D:7      | Acquired the +0 cloak of Cheibriados's Hope {Contam rN+
                  | Dex+7}
  7360 | D:7      | 7360 ||| UPGRADING to +0 cloak of Cheibriados's Hope
                  | {Contam rN+ Dex+7}.
  7433 | D:8      | Reached skill level 1 in Invocations
  7461 | D:8      | 7461 ||| Stepping ~*~*~tactically~*~*~ (hiding).
  7603 | D:8      | 7603 ||| Stepping ~*~*~tactically~*~*~ (stealth).
  7604 | D:8      | 7604 ||| Stepping ~*~*~tactically~*~*~ (stealth).
  7705 | D:8      | Found Forghix's Distillery.
  7709 | D:8      | 7709 ||| BUYING 3 potions of lignification (144 gold).
  7709 | D:8      | Bought 3 potions of lignification for 144 gold pieces
  7709 | D:8      | 7709 ||| SHOPLISTING potion of attraction (48 gold, have
                  | 12).
  7709 | D:8      | 7709 ||| SHOPLISTING potion of haste (160 gold, have 12).
  7709 | D:8      | 7709 ||| SHOPLISTING potion of heal wounds (80 gold, have
                  | 12).
  7709 | D:8      | 7709 ||| SHOPLISTING potion of lignification (48 gold, have
                  | 12).
  7744 | D:8      | Found a runed translucent door.
  7745 | D:8      | Noticed qw's ghost (novice GrFi)
  7861 | D:8      | 7861 ||| Stepping ~*~*~tactically~*~*~ (hiding).
  7862 | D:8      | 7862 ||| Stepping ~*~*~tactically~*~*~ (hiding).
  7868 | D:8      | Reached XP level 10. HP: 52/63 MP: 11/11
  7878 | D:8      | Reached skill level 3 in Invocations
  8296 | D:9      | Found an ornate altar of the Wu Jian Council.
  8315 | D:9      | Noticed Joseph
  8316 | D:9      | 8316 ||| INVOKING Heroism.
  8332 | D:9      | Killed Joseph
  8332 | D:9      | Reached ** piety under Okawaru
  8333 | D:9      | Reached skill level 10 in Axes
  8429 | D:9      | Noticed Pikel
  8431 | D:9      | 8431 ||| Stepping ~*~*~tactically~*~*~ (hiding).
  8439 | D:9      | 8439 ||| INVOKING Heroism.
  8447 | D:9      | Killed Pikel
  8614 | D:9      | 8614 ||| INVOKING Heroism.
  8634 | D:9      | 8634 ||| INVOKING Heroism.
  8667 | D:9      | 8667 ||| INVOKING Heroism.
  8684 | D:9      | 8684 ||| INVOKING Heroism.
  8698 | D:9      | HP: 6/64 [efreet/+1 scimitar of flaming (11)]
  8698 | D:9      | Slain by an efreet

Levels and vault maps discovered:
D:1:      wheals_arrival_shading, layout_rooms, minmay_split_cup_large
D:2:      layout_basic, uniq_natasha
D:3:      layout_loops_ring, lemuel_doored_altar, cheibrodos_sewer_entry_drain,
          ebering_ghost_sewer_d, uniq_grinder, uniq_jessica
D:4:      kennysheep_spiral_hall, layout_basic, fedhas_altar_2,
          grunt_qazlal_sundering, serial_glass, glass_columns_b,
          glass_columns_a, serial_shops, nicolae_shop_tiny_glass
D:5:      layout_basic, elyvilon_altar_5, nicolae_uskayaw_dance_hall,
          kennysheep_nondescript, uniq_menkaure
D:6:      layout_rooms, serial_glass, glass_columns_b, glass_columns_b,
          uniq_crazy_yiuf_cottage
D:7:      lemuel_ice_spiral_2, layout_basic, kennysheep_orc_sif_temple,
          minmay_temple_entry_antechambers, uniq_prince_ribbit1
D:8:      layout_loops_ring, serial_shops, kennysheep_mini,
          ebering_ghost_reflecting_pool
D:9:      layout_loops_ring, doesnt_xom_only_xom, nzn_wu_jian_contemplation,
          lair_entry_dummy, enter_bailey_2, gammafunk_ghost_spectres,
          serial_shops, shop_fountains, grunt_potential, uniq_joseph, uniq_pikel
Temple:   nicolae_temple_great_sept

Skill      XL: |  1  2  3  4  5  6  7  8  9 10 |
---------------+-------------------------------+-----
Axes           | 2 3 4 5 6 7 8 9 10 | 10.2
Fighting       | 4 6 7 8 |  8.0
Dodging        | 2 |  2.8
Armour         | 4 6 7 |  7.0
Throwing       | 1 |  1.2
Shields        | 4 5 |  5.1
Invocations    | 2 4 |  4.4

Action                     |  1- 3 |  4- 6 |  7- 9 | 10-12 || total
---------------------------+-------+-------+-------+-------++-------
  Melee: War axe           |    94 |   276 |   284 |       ||   654
         Broad axe         |       |       |    51 |   139 ||   190
  Throw: Boomerang         |       |       |    32 |     3 ||    35
 Invoke: Heroism           |       |       |       |     6 ||     6
    Use: Scroll            |     4 |     7 |     6 |       ||    17
         Potion            |     1 |     2 |     2 |       ||     5
   Stab: Distracted        |       |       |     1 |       ||     1
 Armour: Scale mail        |    49 |       |       |       ||    49
         Chain mail        |    14 |   179 |   104 |       ||   297
         Plate armour      |       |       |   161 |    70 ||   231
  Dodge: Dodged            |    44 |   111 |   117 |    74 ||   346
  Block: Buckler           |    18 |    46 |    52 |    42 ||   158

Table legend:
 A = Non-vault XP
 B = Vault XP
 C = Vault XP percentage of total XP
 D = Non-vault monster count
 E = Vault monster count
 F = Vault count percentage of total count
                 A         B        C        D         E       F
            +---------+---------+-------+---------+---------+-------
      Total |    3930 |    3806 |  49.2 |     162 |      84 |  34.1
            +---------+---------+-------+---------+---------+-------
        D:1 |      61 |       9 |  12.9 |      30 |       4 |  11.8
        D:2 |      51 |      36 |  41.4 |      29 |       1 |   3.3
        D:3 |      64 |     317 |  83.2 |      16 |       5 |  23.8
        D:4 |     148 |      48 |  24.5 |      25 |       4 |  13.8
        D:5 |     439 |     172 |  28.2 |      14 |       1 |   6.7
        D:6 |    1075 |       0 |   0.0 |      22 |       0 |   0.0
        D:7 |     941 |     494 |  34.4 |      14 |       5 |  26.3
        D:8 |     968 |       0 |   0.0 |      11 |       0 |   0.0
        D:9 |     183 |    2433 |  93.0 |       1 |      16 |  94.1
      Sewer |       0 |     297 | 100.0 |       0 |      48 | 100.0
            +---------+---------+-------+---------+---------+-------
